 Dungeon Crawl Stone Soup version 0.27.1-15-g792fb953b9 (webtiles) character file.

Game seed: 7392824990939970572

81 ces the Sneak (level 4, 0/22 HPs)
             Began as a Spriggan Hunter on Nov 19, 2021.
             Slain by an iguana (12 damage)
             ... on level 3 of the Dungeon.
             The game lasted 00:04:09 (3348 turns).

ces the Sneak (Spriggan Hunter)                     Turns: 3348, Time: 00:04:10

Health: 0/22       AC:  2    Str:  8    XL:     4   Next: 19%
Magic:  5/5        EV: 17    Int: 12    God:
Gold:   99         SH:  0    Dex: 16    Spells: 3/3 levels left

rFire    . . .     SeeInvis +   b - +0 short sword
rCold    . . .     Faith    .   (shield restricted)
rNeg     . . .     Spirit   .   c - +0 robe
rPois    .         Reflect  .   (helmet restricted)
rElec    .         Harm     .   (no cloak)
rCorr    .         Rampage  .   (gloves unavailable)
Will     .....                  (boots unavailable)
Stlth    +++.......             (no amulet)
HPRegen  0.07/turn              (no ring)
MPRegen  0.09/turn              (no ring)

@: very quick
A: very small, no large weapons, unfitting armour, see invisible, speed 3
a: no special abilities


You were on level 3 of the Dungeon.
You visited 1 branch of the dungeon, and saw 3 of its levels.

You collected 99 gold pieces.

Inventory:

Hand Weapons
 a - a +1 hand crossbow
 b - a +0 short sword (weapon)
Missiles
 d - 20 bolts
Armour
 c - a +0 robe (worn)
Jewellery
 f - an amulet of magic regeneration
 n - a ring of resist corrosion
 s - a ring of fire
Scrolls
 e - 2 scrolls of blinking {unknown}
 g - a scroll of summoning {unknown}
 j - 2 scrolls of silence {unknown}
 k - a scroll of vulnerability {unknown}
 q - 3 scrolls of identify {unknown}
 r - a scroll of holy word {unknown}
 t - a scroll of teleportation {unknown}
 v - a scroll of fog {unknown}
Potions
 h - a potion of invisibility {unknown}
 i - 4 potions of curing {unknown}
 l - 3 potions of might {unknown}
 m - a potion of brilliance {unknown}
 o - a potion of heal wounds {unknown}
 p - a potion of lignification {unknown}
 u - a potion of haste {unknown}


   Skills:
 - Level 1.5 Fighting
 * Level 2.9 Short Blades
 - Level 4.0 Crossbows
 - Level 2.6 Dodging
 * Level 4.7 Stealth


You had 3 spell levels left.
You didn't know any spells.
Your spell library was empty.

Dungeon Overview and Level Annotations

Branches:
Dungeon (3/15)

Altars:

Shops:
D:2 [


Innate Abilities, Weirdness & Mutations

You are very small and have problems with some larger weapons.
You are too small for most types of armour.
You have supernaturally acute eyesight. (SInv)
You cover ground extremely quickly. (Speed+++)


Message History

The iguana is lightly wounded.
The iguana misses you.
You closely miss the iguana.
The iguana is lightly wounded.
The iguana closely misses you.
You hit the iguana but do no damage.
The iguana is lightly wounded.
The iguana misses you.
You hit the iguana.
The iguana is moderately wounded.
The iguana bites you.
You hit the iguana.
The iguana is heavily wounded.
The iguana completely misses you.
You hit the iguana but do no damage.
The iguana is heavily wounded.
The iguana barely misses you.
You barely miss the iguana.
The iguana is heavily wounded.
The iguana barely misses you.
You hit the iguana.
The iguana is severely wounded.
The iguana barely misses you.
You hit the iguana.
The iguana is severely wounded.
The iguana completely misses you.
You hit the iguana.
The iguana is severely wounded.
The iguana bites you!
You hit the iguana.
The iguana is almost dead.
The iguana closely misses you.
You hit the iguana but do no damage.
The iguana is severely wounded.
The iguana misses you.
You hit the iguana.
The iguana is almost dead.
The iguana bites you!
Ouch! That really hurt!
You die...

#...#.#..##.#.##>..#.......#
...##.##....#..#..##########
...#...#....#..#..#
....###.....#..#..#
##.#.).#.##.#..#..#
#.##.##.##.##.#..#
#..#.#...........#
##...#......##########
.#..###.........@l...#
.#...#......########.#
....#.#..#... ...##.##.#+##
.#.#...#....# .#..###.....#
.#.#...#....# #.#
.#.##)##....# #. #.#
.#..###.....+ ...# #.#


You could see an iguana.

Vanquished Creatures
  Jessica (D:3)
  An adder (D:3)
  An orc (D:3)
  8 ball pythons
  4 bats (D:1)
  4 endoplasms
  2 giant cockroaches (D:2)
  5 hobgoblins
  3 jackals (D:2)
  A quokka (D:1)
  2 frilled lizards
  5 kobolds
  6 rats
43 creatures vanquished.

Notes
Turn   | Place    | Note
-------+----------+-------------------------------------------
     0 | D:1      | ces the Spriggan Hunter began the quest for the Orb.
     0 | D:1      | Reached XP level 1. HP: 10/10 MP: 2/2
   318 | D:1      | Reached skill level 1 in Short Blades
   514 | D:1      | Reached XP level 2. HP: 13/14 MP: 3/3
  1241 | D:2      | Found Unioch's Armour Boutique.
  1622 | D:2      | Reached XP level 3. HP: 18/18 MP: 4/4
  2996 | D:3      | Noticed Jessica
  3007 | D:3      | Killed Jessica
  3008 | D:3      | Reached XP level 4. HP: 10/22 MP: 5/5
  3348 | D:3      | Slain by an iguana

Illustrated notes

Levels and vault maps discovered:
D:1:      dpeg_arrival_snail, layout_basic, serial_bayou_pond_e
D:2:      layout_rooms, serial_shops, nicolae_shop_behind_doors
D:3:      minmay_spotlight, layout_basic, minmay_ruptured, uniq_jessica

Skill      XL: |  1  2  3 |
---------------+----------+-----
Stealth        | 2 3 4 |  4.7
Short Blades   | 1 2 |  2.9
Fighting       | |  1.5
Crossbows      | |  4.0
Dodging        | |  2.6

Action                   |  1- 3 |  4- 6 || total
-------------------------+-------+-------++-------
Melee: Short sword       |   156 |    16 ||   172
 Stab: Sleeping          |     8 |     1 ||     9
       Distracted        |     1 |       ||     1
Armor: Robe              |     9 |       ||     9
Dodge: Dodged            |   159 |    12 ||   171
